[Event "28th Hit Open-A 2024"]
[Site "Nova Gorica"]
[Date "2024.01.26"]
[Round "1.38"]
[White "Petrovcic, Cvetko"]
[Black "Tonel, Giulia"]
[Result "0-1"]
[ECO "C36"]
[WhiteElo "1611"]
[BlackElo "1851"]
[Annotator "NA RC COMBH"]
[PlyCount "64"]
[EventDate "2024.01.22"]
[EventType "swiss"]
[EventCountry "SLO"]
[SourceTitle "playchess.com"]
[Source "ChessBase"]
[SourceQuality "1"]
[TimeControl "5400+30"]

1. e4 e5 2. f4 d5 3. exd5 exf4 4. Nf3 Nf6 5. Bc4 Qe7+ 6. Qe2 Qxe2+ 7. Kxe2 Bd6 8. Re1 O-O 9. Nc3 a6 10. Kf2 b5 11. Bb3 Bb7 12. Ng5 Ng4+ 13. Kf1 Nxh2+ 14. Kg1 Ng4 15. Nce4 Nd7 16. d4 Rfe8 17. Bd2 Ne3 18. Nxd6 cxd6 19. Bb4 a5 20. Bxd6 a4 21. Bxf4 Ng4 22. Bxa4 bxa4 23. c4 Nb6 24. b3 h6 25. Ne4 axb3 26. axb3 Rxa1 27. Rxa1 Rxe4 28. g3 Rxd4 29. Ra7 Bxd5 30. cxd5 Nxd5 31. Rd7 Nxf4 32. Rxd4 Ne2+ 0-1

[Event "28th Hit Open-A 2024"]
[Site "Nova Gorica"]
[Date "2024.01.26"]
[Round "1.39"]
[White "Racnik, Tone"]
[Black "Beber, Anja"]
[Result "1/2-1/2"]
[ECO "C55"]
[WhiteElo "1849"]
[BlackElo "1606"]
[Annotator "NA RC COMBH"]
[PlyCount "83"]
[EventDate "2024.01.22"]
[EventType "swiss"]
[EventCountry "SLO"]
[SourceTitle "playchess.com"]
[Source "ChessBase"]
[SourceQuality "1"]
[TimeControl "5400+30"]

1. e4 e5 2. Nf3 Nc6 3. Bc4 Nf6 4. d3 Qe7 5. Ng5 h6 6. Nf3 Na5 7. Bb3 c6 8. O-O d6 9. Re1 Qc7 10. Nbd2 Be7 11. Nf1 O-O 12. Ng3 Nxb3 13. axb3 Be6 14. h3 a6 15. d4 Rad8 16. Qe2 Rfe8 17. Be3 Nd7 18. Nf5 Bxf5 19. exf5 Bf6 20. dxe5 Nxe5 21. Nxe5 Bxe5 22. c3 Bf4 23. Ra4 Bxe3 24. fxe3 Re5 25. Qf2 Qe7 26. Rf4 Qf6 27. e4 Rde8 28. Qd4 c5 29. Qf2 d5 30. Qxc5 g5 31. Rf2 dxe4 32. Qd4 Rd8 33. Qb4 e3 34. Rfe2 Qxf5 35. Qxb7 Qe6 36. Qf3 Qxb3 37. Qf6 Qb8 38. Qxh6 Rd2 39. Qf6 Rxe2 40. Rxe2 Qb5 41. Qf3 Qd3 42. Kh2 1/2-1/2

[Event "28th Hit Open-A 2024"]
[Site "Nova Gorica"]
[Date "2024.01.26"]
[Round "1.40"]
[White "Cortese, Lina"]
[Black "Budai, Leonardo"]
[Result "0-1"]
[ECO "A22"]
[WhiteElo "1582"]
[BlackElo "1847"]
[Annotator "NA RC COMBH"]
[PlyCount "128"]
[EventDate "2024.01.22"]
[EventType "swiss"]
[EventCountry "SLO"]
[SourceTitle "playchess.com"]
[Source "ChessBase"]
[SourceQuality "1"]
[TimeControl "5400+30"]

1. c4 e5 2. Nc3 Nf6 3. d3 c6 4. Nf3 d6 5. g3 Be6 6. Bg2 h6 7. O-O Be7 8. Rb1 Nbd7 9. a3 d5 10. cxd5 Nxd5 11. Bd2 O-O 12. b4 f6 13. Nh4 N7b6 14. Ng6 Re8 15. Nxe7+ Qxe7 16. Ne4 Nd7 17. Qc1 Bf7 18. Nc3 Nxc3 19. Qxc3 Rac8 20. Be3 b6 21. Rfc1 c5 22. bxc5 Nxc5 23. Bxc5 Rxc5 24. Qb2 Rec8 25. Rxc5 Qxc5 26. Bb7 Rc7 27. Bf3 Kf8 28. Qb4 Ke7 29. Qxc5+ Rxc5 30. a4 Kd6 31. Rb4 Be8 32. d4 Ra5 33. dxe5+ fxe5 34. Rg4 g5 35. Rb4 Rxa4 36. Rb3 Bc6 37. Rd3+ Rd4 38. Re3 e4 39. Bh5 a5 40. Bf7 a4 41. f3 b5 42. fxe4 Bxe4 43. Ra3 Kc5 44. Kf2 Kb4 45. Ra2 Bd5 46. Bxd5 Rxd5 47. e4 Re5 48. Ke3 Kb3 49. Rd2 a3 50. Rd3+ Kb2 51. Rd2+ Kb1 52. Rd1+ Kc2 53. Rd2+ Kc1 54. Rf2 b4 55. Rf1+ Kc2 56. Kd4 Re8 57. Rf2+ Kb3 58. Rf3+ Ka4 59. Rf7 a2 60. Kd5 Kb3 61. Rf3+ Ka4 62. Rf7 b3 63. Ra7+ Kb4 64. Rb7+ Kc3 0-1

[Event "28th Hit Open-A 2024"]
[Site "Nova Gorica"]
[Date "2024.01.26"]
[Round "1.41"]
[White "Pagano, Sergio"]
[Black "Belyaletdinov, Leonard"]
[Result "1-0"]
[ECO "D94"]
[WhiteElo "1821"]
[BlackElo "1581"]
[Annotator "NA RC COMBH"]
[PlyCount "67"]
[EventDate "2024.01.22"]
[EventType "swiss"]
[EventCountry "SLO"]
[SourceTitle "playchess.com"]
[Source "ChessBase"]
[SourceQuality "1"]
[TimeControl "5400+30"]

1. d4 d5 2. c4 c6 3. Nc3 Nf6 4. Nf3 g6 5. e3 Bg7 6. h3 O-O 7. Be2 Nbd7 8. cxd5 cxd5 9. O-O a6 10. b3 b6 11. Bb2 Bb7 12. Rc1 Ne4 13. Nxe4 dxe4 14. Nd2 f5 15. Rc2 Rc8 16. Bc4+ Kh8 17. a4 e5 18. dxe5 Nxe5 19. Qa1 Qe7 20. Rfc1 Rfe8 21. Bf1 Rcd8 22. Rc7 Rd7 23. Rxd7 Qxd7 24. Rd1 Nd3 25. Bxg7+ Qxg7 26. Qxg7+ Kxg7 27. Nc4 Bd5 28. Bxd3 exd3 29. Nxb6 Bxb3 30. Rxd3 Be6 31. a5 Bf7 32. Rd7 Re5 33. Nc4 Rd5 34. Nd6 1-0

[Event "28th Hit Open-A 2024"]
[Site "Nova Gorica"]
[Date "2024.01.26"]
[Round "1.42"]
[White "Mulec, Dejan"]
[Black "Novak, Rok"]
[Result "0-1"]
[ECO "D00"]
[WhiteElo "1577"]
[BlackElo "1777"]
[Annotator "NA RC COMBH"]
[PlyCount "90"]
[EventDate "2024.01.22"]
[EventType "swiss"]
[EventCountry "SLO"]
[SourceTitle "playchess.com"]
[Source "ChessBase"]
[SourceQuality "1"]
[TimeControl "5400+30"]

1. d4 d5 2. Nc3 Nf6 3. Bf4 c5 4. e4 Nxe4 5. Nxe4 dxe4 6. dxc5 Qxd1+ 7. Rxd1 Bd7 8. b4 a5 9. b5 e6 10. Bd6 g5 11. Bxf8 Rxf8 12. Ne2 Bxb5 13. Nc3 Bc6 14. Nb5 Na6 15. Nd6+ Ke7 16. Bxa6 bxa6 17. Rb1 Rab8 18. Kd2 f5 19. Rb3 a4 20. Rh3 Rh8 21. Rh6 a3 22. Nxf5+ exf5 23. Rxc6 Rb5 24. Rxa6 Rxc5 25. Rxa3 Rd8+ 26. Kc1 Rdc8 27. c3 Rxc3+ 28. Rxc3 Rxc3+ 29. Kb2 Rd3 30. Rc1 Kd6 31. a4 f4 32. Rc2 Kd5 33. a5 e3 34. fxe3 fxe3 35. Rc3 Kd4 36. Rc2 Ke4 37. Rc4+ Ke5 38. Kc2 e2 39. Rc8 Re3 40. Re8+ Kd4 41. Rd8+ Kc5 42. a6 e1=Q 43. a7 Rc3+ 44. Kb2 Qc1+ 45. Ka2 Ra3# 0-1

[Event "28th Hit Open-A 2024"]
[Site "Nova Gorica"]
[Date "2024.01.26"]
[Round "1.43"]
[White "Gricnik, Tine"]
[Black "Milicevic, Zoran"]
[Result "1-0"]
[ECO "D85"]
[WhiteElo "1758"]
[BlackElo "1550"]
[Annotator "NA RC COMBH"]
[PlyCount "103"]
[EventDate "2024.01.22"]
[EventType "swiss"]
[EventCountry "SLO"]
[SourceTitle "playchess.com"]
[Source "ChessBase"]
[SourceQuality "1"]
[TimeControl "5400+30"]

1. d4 d5 2. c4 Nf6 3. Nf3 g6 4. cxd5 Bg7 5. Nc3 Nxd5 6. e4 Nxc3 7. bxc3 O-O 8. Bc4 c5 9. O-O Bg4 10. Rb1 Qc7 11. Be2 cxd4 12. cxd4 Nd7 13. h3 Bxf3 14. Bxf3 Rad8 15. Be3 b6 16. Qb3 Nb8 17. Rfc1 Qd7 18. d5 Qb7 19. a4 Nd7 20. a5 Ne5 21. Be2 Rc8 22. axb6 Rxc1+ 23. Rxc1 axb6 24. Qxb6 Qxb6 25. Bxb6 Rb8 26. Be3 f6 27. f4 Nf7 28. Rc7 Bf8 29. Bg4 Nd8 30. Rc8 Rxc8 31. Bxc8 Bg7 32. Bb6 Nf7 33. Be6 Kf8 34. Bxf7 Kxf7 35. Kf2 Bf8 36. Bc5 h5 37. g4 hxg4 38. hxg4 Ke8 39. e5 Bg7 40. e6 Bh6 41. Kf3 g5 42. f5 Bf8 43. Bb6 Bg7 44. Ke3 Bf8 45. Kd4 Bh6 46. Kc5 Bg7 47. Kc6 Bh6 48. Kc7 Bg7 49. Bd4 Bh8 50. Bc5 Bg7 51. Bxe7 Kxe7 52. d6+ 1-0

[Event "28th Hit Open-A 2024"]
[Site "Nova Gorica"]
[Date "2024.01.26"]
[Round "1.44"]
[White "Trybus, Dominika"]
[Black "Rigatti, Giorgio"]
[Result "1/2-1/2"]
[ECO "B53"]
[WhiteElo "1530"]
[BlackElo "1749"]
[Annotator "NA RC COMBH"]
[PlyCount "57"]
[EventDate "2024.01.22"]
[EventType "swiss"]
[EventCountry "SLO"]
[SourceTitle "playchess.com"]
[Source "ChessBase"]
[SourceQuality "1"]
[TimeControl "5400+30"]

1. e4 c5 2. Nf3 d6 3. d4 cxd4 4. Qxd4 Nc6 5. Bb5 Bd7 6. Bxc6 Bxc6 7. Nc3 Nf6 8. Bg5 e6 9. h4 Be7 10. O-O-O Qc7 11. Qe3 b5 12. Bxf6 Bxf6 13. Nd5 Bxd5 14. exd5 e5 15. Nd4 Qc5 16. Nc6 Qxe3+ 17. fxe3 Bd8 18. Rdf1 O-O 19. Rf3 f5 20. Kd2 h5 21. g3 g6 22. Rhf1 e4 23. R3f2 Bf6 24. c3 a5 25. a3 Kg7 26. Kc2 a4 27. Kb1 Kh6 28. Kc2 Kg7 29. Kb1 1/2-1/2

[Event "28th Hit Open-A 2024"]
[Site "Nova Gorica"]
[Date "2024.01.27"]
[Round "2.1"]
[White "Goroshkov, Maksym"]
[Black "Berkes, Ferenc"]
[Result "0-1"]
[ECO "A46"]
[WhiteElo "2338"]
[BlackElo "2613"]
[Annotator "TA"]
[PlyCount "120"]
[EventDate "2024.01.22"]
[EventType "swiss"]
[EventCountry "SLO"]
[SourceTitle "playchess.com"]
[Source "ChessBase"]
[SourceQuality "1"]
[TimeControl "5400+30"]

1. d4 Nf6 2. Nf3 e6 3. g3 b5 4. Qd3 Ba6 5. Bg5 Be7 6. Bxf6 Bxf6 7. b4 Nc6 8. c3 Bb7 9. a4 bxa4 10. Rxa4 a5 11. bxa5 Rxa5 12. Rxa5 Nxa5 13. Nbd2 O-O 14. Bg2 c5 15. O-O Qc7 16. Ne4 Bxe4 17. Qxe4 d5 18. Qd3 Rb8 19. e4 dxe4 20. Qxe4 Nc4 21. Qd3 cxd4 22. cxd4 Nb6 23. Rb1 h6 24. h3 Rd8 25. Qb5 Nd5 (25... Bxd4 $2 26. Nxd4 Rxd4 27. Qxb6 $18) 26. Qd3 Ne7 27. g4 Ng6 28. Qe4 Qf4 (28... Nf4 {feels hotter.} 29. Rb7 Qc1+ 30. Kh2 Nd5) 29. Ne5 Bxe5 30. dxe5 Qxe5 31. Qxe5 Nxe5 32. Rb5 Nd3 33. g5 {[%emt 0:01:38] [#]} (33. Bf1 $17 {keeps fighting.}) 33... hxg5 $1 $19 34. Rxg5 Rd4 35. Ra5 g6 36. Ra2 Nf4 37. Kh2 Kg7 38. Kg3 f5 39. Bf1 Kf6 40. Ra6 Rb4 41. Ra1 (41. Ra2 $142) 41... Rb3+ 42. Kh2 (42. f3 {was the only defense.} e5 43. Kf2) 42... Rf3 43. Ra2 Kg5 44. Bg2 Rc3 45. Ra8 Rc2 46. Kg1 Nd3 47. Re8 Kf6 (47... Rxf2 48. Bf1 Rf3 49. Rxe6 $19) ({Not} 47... Nxf2 48. Rxe6 Nd3 49. Re3 $17) 48. f3 (48. Rf8+ $142 Kg7 49. Re8) 48... Rc1+ 49. Bf1 Ne5 50. Kf2 Nxf3 51. Kxf3 $2 (51. Bg2 Nh4 52. Bb7) 51... Rxf1+ $19 52. Kg2 Rf4 53. Kg3 Ra4 54. Rb8 Ra3+ 55. Kg2 e5 56. h4 Ra2+ 57. Kg3 f4+ 58. Kf3 Ra3+ 59. Ke4 Re3+ 60. Kd5 Kf5 0-1

[Event "28th Hit Open-A 2024"]
[Site "Nova Gorica"]
[Date "2024.01.27"]
[Round "2.2"]
[White "Ongut, Tamas Gunes"]
[Black "Basso, Pier Luigi"]
[Result "1/2-1/2"]
[ECO "D11"]
[WhiteElo "2310"]
[BlackElo "2482"]
[Annotator "RC"]
[PlyCount "46"]
[EventDate "2024.01.22"]
[EventType "swiss"]
[EventCountry "SLO"]
[SourceTitle "playchess.com"]
[Source "ChessBase"]
[SourceQuality "1"]
[TimeControl "5400+30"]

1. d4 d5 2. c4 c6 3. Nf3 Nf6 4. e3 Bg4 5. Qb3 Qb6 6. Ne5 Bf5 7. f3 e6 8. g4 Qxb3 9. axb3 Bc2 10. c5 h5 11. g5 Nfd7 12. Nxd7 Nxd7 13. h4 a6 14. b4 Rc8 15. Nc3 Bg6 16. Bh3 Bf5 17. Bxf5 exf5 18. e4 fxe4 19. fxe4 dxe4 20. Nxe4 Be7 21. Bf4 O-O 22. O-O-O Rfe8 23. Rhe1 Nf8 1/2-1/2

[Event "28th Hit Open-A 2024"]
[Site "Nova Gorica"]
[Date "2024.01.27"]
[Round "2.3"]
[White "Csonka, Balazs"]
[Black "Stevanic, David"]
[Result "1-0"]
[ECO "E05"]
[WhiteElo "2479"]
[BlackElo "2294"]
[Annotator "RC"]
[PlyCount "61"]
[EventDate "2024.01.22"]
[EventType "swiss"]
[EventCountry "SLO"]
[SourceTitle "playchess.com"]
[Source "ChessBase"]
[SourceQuality "1"]
[TimeControl "5400+30"]

1. d4 Nf6 2. c4 e6 3. g3 d5 4. Bg2 Be7 5. Nf3 O-O 6. O-O dxc4 7. Na3 Bxa3 8. bxa3 b5 9. a4 a6 10. Ba3 Re8 11. Ne5 Nd5 12. e4 Nf6 13. Nxf7 Kxf7 14. e5 c6 15. exf6 Qxf6 16. Re1 Bb7 17. Re4 Kg8 18. Rf4 Qg5 19. h4 Qh6 20. Bc1 g6 21. Rf7 Qxc1 22. Qxc1 Kxf7 23. Qf4+ Kg8 24. Qc7 Bc8 25. Bxc6 Nxc6 26. Qxc6 Bb7 27. Qxb7 c3 28. axb5 axb5 29. Qxb5 c2 30. Rc1 Rec8 31. Qb3 1-0

[Event "28th Hit Open-A 2024"]
[Site "Nova Gorica"]
[Date "2024.01.27"]
[Round "2.4"]
[White "Lavrencic, Matic"]
[Black "Beliavsky, Alexander G"]
[Result "1/2-1/2"]
[ECO "C54"]
[WhiteElo "2299"]
[BlackElo "2475"]
[Annotator "RC"]
[PlyCount "68"]
[EventDate "2024.01.22"]
[EventType "swiss"]
[EventCountry "SLO"]
[SourceTitle "playchess.com"]
[Source "ChessBase"]
[SourceQuality "1"]
[TimeControl "5400+30"]

1. e4 e5 2. Nf3 Nc6 3. Bc4 Bc5 4. c3 Nf6 5. d3 d6 6. O-O O-O 7. h3 h6 8. Re1 a6 9. a4 Ba7 10. Nbd2 Ne7 11. Bb3 Ng6 12. Nf1 c6 13. Ng3 d5 14. exd5 Nxd5 15. d4 exd4 16. Nxd4 Re8 17. Rxe8+ Qxe8 18. Bxd5 cxd5 19. Be3 Bb8 20. Ndf5 Bxf5 21. Nxf5 Qe5 22. Ng3 Qe6 23. Ne2 Nh4 24. Nd4 Qe4 25. Qg4 Bc7 26. Rd1 Rd8 27. Nf3 Nxf3+ 28. gxf3 Qe6 29. Bd4 Qxg4+ 30. fxg4 f6 31. Kg2 Kf7 32. Kf3 Ke6 33. Re1+ Be5 34. Ke3 g5 1/2-1/2

[Event "28th Hit Open-A 2024"]
[Site "Nova Gorica"]
[Date "2024.01.27"]
[Round "2.5"]
[White "Doric, Darko"]
[Black "Ashwath, R.."]
[Result "1/2-1/2"]
[ECO "A92"]
[WhiteElo "2456"]
[BlackElo "2284"]
[Annotator "RC"]
[PlyCount "68"]
[EventDate "2024.01.22"]
[EventType "swiss"]
[EventCountry "SLO"]
[SourceTitle "playchess.com"]
[Source "ChessBase"]
[SourceQuality "1"]
[TimeControl "5400+30"]

1. d4 e6 2. Nf3 f5 3. g3 Nf6 4. Bg2 Be7 5. c4 d5 6. Qc2 Nc6 7. a3 Ne4 8. Nc3 Bf6 9. e3 Na5 10. cxd5 exd5 11. Ne5 Bxe5 12. dxe5 Nc4 13. f4 Be6 14. b3 Na5 15. Nb5 Nc6 16. O-O a6 17. Nc3 Qe7 18. b4 g5 19. Rd1 Rd8 20. Bb2 gxf4 21. gxf4 Rg8 22. Rf1 Nxc3 23. Bxc3 d4 24. Bxd4 Nxd4 25. exd4 Rxd4 26. Rad1 Qd7 27. Rxd4 Qxd4+ 28. Qf2 Qd3 29. Kh1 Rxg2 30. Kxg2 Bd5+ 31. Kg1 Qe4 32. Qg3 Qd4+ 33. Qf2 Qe4 34. Qg3 Qd4+ 1/2-1/2

[Event "28th Hit Open-A 2024"]
[Site "Nova Gorica"]
[Date "2024.01.27"]
[Round "2.6"]
[White "Furlan, Miha"]
[Black "Ceres, Dragos"]
[Result "1/2-1/2"]
[ECO "B90"]
[WhiteElo "2287"]
[BlackElo "2438"]
[Annotator "RC"]
[PlyCount "140"]
[EventDate "2024.01.22"]
[EventType "swiss"]
[EventCountry "SLO"]
[SourceTitle "playchess.com"]
[Source "ChessBase"]
[SourceQuality "1"]
[TimeControl "5400+30"]

1. e4 c5 2. Nf3 d6 3. d4 cxd4 4. Nxd4 Nf6 5. Nc3 a6 6. h3 e5 7. Nf3 Be7 8. g4 Be6 9. g5 Nfd7 10. Be3 Nc6 11. h4 Rc8 12. Qd2 Nc5 13. Bh3 Qd7 14. Ng1 Nb4 15. Bxc5 Rxc5 16. a3 Nc6 17. b4 Rc4 18. Bf1 Rd4 19. Bd3 h6 20. gxh6 Rxh6 21. Nce2 Bxh4 22. O-O-O Bg4 23. f3 Be6 24. Kb2 Be1 25. Qxe1 Rxh1 26. Qg3 Kf8 27. Nxd4 Nxd4 28. Qg2 Rh6 29. Ne2 Nxe2 30. Bxe2 Qc7 31. Qf2 g5 32. Qe3 f6 33. Qa7 Rh2 34. Bd3 Ke7 35. Qg1 Rh4 36. Rd2 a5 37. Rh2 axb4 38. axb4 Rxh2 39. Qxh2 Qc8 40. Qf2 d5 41. Qa7 d4 42. Kc1 Kf8 43. Kd1 Qd7 44. Ke1 Kg7 45. Kf2 Kg6 46. Qb6 Qc8 47. Kg3 Bd7 48. Qd6 Qe8 49. Bc4 Bc8 50. Bd5 Qh8 51. Be6 Bxe6 52. Qxe6 Qd8 53. b5 b6 54. Kg4 Kg7 55. Kg3 Qc7 56. Qc6 Qa7 57. Qe6 Qc7 58. Qc6 Qd8 59. Qe6 Kg6 60. Kg2 Qc7 61. Qc6 Qb8 62. Qe6 Qa7 63. Qg8+ Qg7 64. Qe6 Qa7 65. Kg3 Kg7 66. Kg2 Qc7 67. Qc6 Qd8 68. Qe6 Kg6 69. Kg3 Qb8 70. Kg2 Qd8 1/2-1/2

[Event "28th Hit Open-A 2024"]
[Site "Nova Gorica"]
[Date "2024.01.27"]
[Round "2.7"]
[White "Karacsonyi, Gellert"]
[Black "Drazic, Sinisa"]
[Result "1/2-1/2"]
[ECO "A46"]
[WhiteElo "2398"]
[BlackElo "2270"]
[Annotator "RC"]
[PlyCount "160"]
[EventDate "2024.01.22"]
[EventType "swiss"]
[EventCountry "SLO"]
[SourceTitle "playchess.com"]
[Source "ChessBase"]
[SourceQuality "1"]
[TimeControl "5400+30"]

1. d4 Nf6 2. Nf3 c6 3. Bf4 Qb6 4. Qc1 d5 5. h3 Bf5 6. e3 e6 7. Be2 h6 8. O-O c5 9. Nc3 c4 10. a4 a6 11. Ne5 Bb4 12. Na2 Be7 13. b3 cxb3 14. cxb3 Nc6 15. Nxc6 bxc6 16. a5 Qb7 17. Qb2 O-O 18. Rfc1 Nd7 19. b4 Rfe8 20. Qa3 Bf8 21. Rc3 e5 22. dxe5 Nxe5 23. Rac1 Rac8 24. Bf1 g5 25. Bxe5 Rxe5 26. Qa4 Bd7 27. Qc2 Ree8 28. Bd3 Bg7 29. Rb3 Be6 30. Rbb1 Qa7 31. Qc5 Qa8 32. Nc3 Bf8 33. Qd4 c5 34. bxc5 Rxc5 35. Qa4 Rec8 36. Ne2 Rxc1+ 37. Rxc1 Rxc1+ 38. Nxc1 Qb7 39. Ne2 Qb4 40. Qxb4 Bxb4 41. Bxa6 Bxa5 42. Kf1 Kg7 43. Nd4 Kf6 44. Ke2 Bc7 45. Bb7 Ke7 46. g4 Bd6 47. Ba6 Bc7 48. Bd3 Bb6 49. Nc2 Bc7 50. f3 Be5 51. Bh7 Kf6 52. Bd3 h5 53. Nb4 hxg4 54. hxg4 Bc3 55. Nc6 Bd7 56. Nd4 Ke5 57. Nf5 f6 58. Nh6 Be8 59. Nf5 Ba4 60. Nh6 Ba5 61. Nf5 Bb6 62. Ba6 Bc2 63. Bd3 Bb3 64. Kd2 d4 65. Nxd4 Bxd4 66. exd4+ Kxd4 67. Be4 Bc4 68. Bc6 Be6 69. Ke2 Bc8 70. Kf2 Ba6 71. Be4 Bc4 72. Bc6 Bd5 73. Bxd5 Kxd5 74. Ke3 Ke5 75. Ke2 Kd4 76. Kd2 Ke5 77. Ke3 f5 78. gxf5 Kxf5 79. Ke2 g4 80. fxg4+ Kxg4 1/2-1/2

[Event "28th Hit Open-A 2024"]
[Site "Nova Gorica"]
[Date "2024.01.27"]
[Round "2.8"]
[White "Perossa, Nicolas"]
[Black "Kulkarni Bhakti"]
[Result "0-1"]
[ECO "C54"]
[WhiteElo "2277"]
[BlackElo "2364"]
[Annotator "RC"]
[PlyCount "104"]
[EventDate "2024.01.22"]
[EventType "swiss"]
[EventCountry "SLO"]
[SourceTitle "playchess.com"]
[Source "ChessBase"]
[SourceQuality "1"]
[TimeControl "5400+30"]

1. e4 e5 2. Nf3 Nc6 3. Bc4 Bc5 4. O-O Nf6 5. d3 d6 6. c3 a6 7. Bb3 Ba7 8. Nbd2 h6 9. Re1 g5 10. Nf1 g4 11. N3d2 Be6 12. Nc4 Qd7 13. Be3 Bxe3 14. Ncxe3 O-O-O 15. Nd5 Bxd5 16. exd5 Ne7 17. Ne3 Rdg8 18. Ba4 Qd8 19. c4 h5 20. b4 h4 21. Qd2 b6 22. Bc6 Nxc6 23. dxc6 Qe8 24. Nd5 Nxd5 25. cxd5 Kb8 26. d4 f6 27. Re3 Qf7 28. dxe5 fxe5 29. Rf1 Rh5 30. Ra3 Kc8 31. Rxa6 Kd8 32. f3 g3 33. h3 Rf5 34. Re1 Rgg5 35. Re4 Rf4 36. b5 Rgf5 37. Raa4 Qg6 38. Rac4 Rxe4 39. Rxe4 Rf4 40. Qe3 Qf7 41. Rxf4 exf4 42. Qd4 Qg6 43. Qd1 Qf6 44. a4 Qb2 45. Kh1 Kc8 46. Kg1 Kb8 47. Kh1 Qf2 48. Qc1 Qd4 49. a5 bxa5 50. Qb1 a4 51. b6 Qxb6 52. Qa1 Qb3 0-1

[Event "28th Hit Open-A 2024"]
[Site "Nova Gorica"]
[Date "2024.01.27"]
[Round "2.9"]
[White "Davies, Nigel R"]
[Black "Zupancic, Urban"]
[Result "1/2-1/2"]
[ECO "B07"]
[WhiteElo "2349"]
[BlackElo "2025"]
[Annotator "RC"]
[PlyCount "96"]
[EventDate "2024.01.22"]
[EventType "swiss"]
[EventCountry "SLO"]
[SourceTitle "playchess.com"]
[Source "ChessBase"]
[SourceQuality "1"]
[TimeControl "5400+30"]

1. d4 Nf6 2. Nf3 g6 3. Nbd2 Bg7 4. e4 d6 5. Bd3 O-O 6. O-O Nc6 7. Re1 e5 8. dxe5 dxe5 9. Bf1 Qe7 10. c3 Rd8 11. Qc2 b6 12. Nc4 Bb7 13. Bg5 Rd7 14. b4 a6 15. a4 Qe8 16. Nfd2 Nd8 17. Bh4 Nh5 18. f3 Ne6 19. Nb3 f6 20. Ne3 Rad8 21. Nd5 Bxd5 22. exd5 Rxd5 23. Bxa6 Qd7 24. Bc4 Rd6 25. a5 Kh8 26. a6 Qc6 27. Qe4 Nhf4 28. a7 Qa8 29. Bf2 f5 30. Qxa8 Rxa8 31. Bg3 Bf6 32. Bxe6 Nxe6 33. Bxe5 Bxe5 34. Rxe5 Kg7 35. c4 Kf6 36. Re3 c6 37. Ra6 Nd4 38. Nxd4 Rxd4 39. Rea3 Rd2 40. Ra2 Rxa2 41. Rxa2 Ke5 42. Ra6 c5 43. Rxb6 cxb4 44. Rxb4 Rxa7 45. Rb1 Kd4 46. Rc1 Rc7 47. Kf2 Rxc4 48. Rd1+ Ke5 1/2-1/2

[Event "28th Hit Open-A 2024"]
[Site "Nova Gorica"]
[Date "2024.01.27"]
[Round "2.10"]
[White "Bodrogi, Bendeguz"]
[Black "Dorokhina, Elizaveta"]
[Result "1-0"]
[ECO "D78"]
[WhiteElo "2261"]
[BlackElo "1994"]
[Annotator "NA RC"]
[PlyCount "129"]
[EventDate "2024.01.22"]
[EventType "swiss"]
[EventCountry "SLO"]
[SourceTitle "playchess.com"]
[Source "ChessBase"]
[SourceQuality "1"]
[TimeControl "5400+30"]

1. Nf3 d5 2. g3 g6 3. c4 c6 4. Qa4 dxc4 5. Qxc4 Bg7 6. Bg2 Nf6 7. O-O O-O 8. Nc3 Nbd7 9. d4 Nb6 10. Qd3 Be6 11. Rd1 Qc8 12. e4 Rd8 13. Bf4 Bg4 14. Rac1 Nh5 15. Be3 Qd7 16. Qf1 Qe8 17. h3 Bxf3 18. Bxf3 Nf6 19. a4 e6 20. a5 Nbd7 21. a6 b5 22. e5 Nd5 23. Nxd5 cxd5 24. Qxb5 Bf8 25. Rc7 Nxe5 26. Qxe8 Nxf3+ 27. Kg2 Rxe8 28. Kxf3 Reb8 29. Rdc1 Rb6 30. Rd7 Rxa6 31. Rcc7 Bd6 32. Rb7 Rf8 33. Bh6 Re8 34. Rxf7 Bf8 35. Rxh7 Rb6 36. Rxa7 Rxb2 37. Kg4 Bxh6 38. Rxh6 Rxf2 39. Rxg6+ Kf8 40. Rh6 Kg8 41. Rah7 Re2 42. Kg5 Kf8 43. Kf6 Rf2+ 44. Ke5 Re2+ 45. Kf6 Rf2+ 46. Kg6 Rf3 47. g4 e5 48. Rh8+ Ke7 49. R6h7+ Kd8 50. Rxe8+ Kxe8 51. dxe5 d4 52. g5 d3 53. Rh4 Ke7 54. Rd4 Rxh3 55. Rd6 Re3 56. Kh6 Rxe5 57. Rxd3 Re1 58. Kg7 Ke6 59. g6 Rg1 60. Rf3 Rg2 61. Kh7 Ke7 62. g7 Rh2+ 63. Kg8 Ra2 64. Rh3 Kf6 65. Kh8 1-0

[Event "28th Hit Open-A 2024"]
[Site "Nova Gorica"]
[Date "2024.01.27"]
[Round "2.11"]
[White "Djuric, Stefan"]
[Black "Privitera, Franco"]
[Result "1/2-1/2"]
[ECO "B06"]
[WhiteElo "2220"]
[BlackElo "1919"]
[Annotator "NA RC"]
[PlyCount "133"]
[EventDate "2024.01.22"]
[EventType "swiss"]
[EventCountry "SLO"]
[SourceTitle "playchess.com"]
[Source "ChessBase"]
[SourceQuality "1"]
[TimeControl "5400+30"]

1. e4 g6 2. d4 Nf6 3. e5 Nh5 4. Be2 d6 5. exd6 Qxd6 6. Nc3 Bg7 7. Nf3 Nc6 8. Nb5 Qd8 9. d5 Nb8 10. c4 O-O 11. O-O c6 12. Nc3 Na6 13. Bg5 h6 14. Be3 Nf6 15. dxc6 bxc6 16. Qxd8 Rxd8 17. Ne5 Bb7 18. Rad1 c5 19. f4 Ne4 20. Nb5 Nd6 21. a3 g5 22. Nxd6 exd6 23. Nd3 Re8 24. Kf2 Re7 25. Bf3 Bxf3 26. gxf3 Rae8 27. Bd2 Re2+ 28. Kg3 Nb8 29. fxg5 hxg5 30. Bxg5 Nc6 31. Rf2 Nd4 32. Rxe2 Rxe2 33. Rd2 Re8 34. Kg2 Ne6 35. Be3 Nd4 36. Bxd4 Bxd4 37. Nf4 Rb8 38. Nd3 Rb3 39. Kf1 Kh7 40. Ke2 a5 41. Kd1 a4 42. Kc2 Rb8 43. Re2 Rg8 44. b3 Rb8 45. bxa4 Ra8 46. Kb3 Rb8+ 47. Ka2 Ra8 48. Re7 Kg7 49. Rb7 Rxa4 50. Kb3 Ra8 51. Rb6 Rh8 52. Rxd6 Rh3 53. a4 Rxf3 54. Kc2 Rh3 55. a5 Rxh2+ 56. Kd1 Ra2 57. a6 Be3 58. Ke1 Bd4 59. Rc6 Ra4 60. Nxc5 Bxc5 61. Rxc5 Rxa6 62. Kd2 Kf6 63. Ke3 Ke6 64. Rh5 Ra1 65. Kd4 Kd6 66. Rh6+ Kd7 67. Rf6 1/2-1/2

[Event "28th Hit Open-A 2024"]
[Site "Nova Gorica"]
[Date "2024.01.27"]
[Round "2.12"]
[White "Orsatti, Marcello"]
[Black "Skrbec, Leon"]
[Result "0-1"]
[ECO "A23"]
[WhiteElo "1918"]
[BlackElo "2218"]
[Annotator "NA RC"]
[PlyCount "56"]
[EventDate "2024.01.22"]
[EventType "swiss"]
[EventCountry "SLO"]
[SourceTitle "playchess.com"]
[Source "ChessBase"]
[SourceQuality "1"]
[TimeControl "5400+30"]

1. c4 e5 2. g3 Nf6 3. Bg2 c6 4. Nc3 d5 5. cxd5 cxd5 6. d4 exd4 7. Qxd4 Nc6 8. Qa4 d4 9. Ne4 Nxe4 10. Bxe4 Bb4+ 11. Kf1 Be7 12. Nf3 Bh3+ 13. Kg1 O-O 14. Bxc6 bxc6 15. Qxd4 Rb8 16. Bf4 Qxd4 17. Nxd4 Rxb2 18. Bc1 Rb7 19. Nb3 Bf6 20. f3 Rxb3 21. axb3 Bxa1 22. g4 f5 23. Kf2 fxg4 24. Ba3 Bd4+ 25. Kg3 Be5+ 26. Kh4 g5+ 27. Kxg5 Bf4+ 28. Kh4 Rf6 0-1

[Event "28th Hit Open-A 2024"]
[Site "Nova Gorica"]
[Date "2024.01.27"]
[Round "2.13"]
[White "Gregoric, Andraz"]
[Black "Capaliku, Aleks"]
[Result "1-0"]
[ECO "C65"]
[WhiteElo "2217"]
[BlackElo "1913"]
[Annotator "NA RC"]
[PlyCount "65"]
[EventDate "2024.01.22"]
[EventType "swiss"]
[EventCountry "SLO"]
[SourceTitle "playchess.com"]
[Source "ChessBase"]
[SourceQuality "1"]
[TimeControl "5400+30"]

1. e4 e5 2. Nf3 Nc6 3. Bb5 Nf6 4. d3 Bc5 5. Bxc6 dxc6 6. a4 O-O 7. O-O Re8 8. Na3 h6 9. Nc4 Bd6 10. h3 b5 11. Na5 Bd7 12. Be3 a6 13. Nd2 Qe7 14. c4 Bb4 15. Ndb3 bxa4 16. Rxa4 c5 17. Ra2 Ra7 18. Qe2 Qd6 19. f4 exf4 20. Bxf4 Qb6 21. Qf2 Be6 22. Be3 Nd7 23. Rd1 f6 24. d4 cxd4 25. Nxd4 c5 26. Ndc6 Rc7 27. Nxb4 Qxb4 28. Bxh6 Bxc4 29. Nxc4 Qxc4 30. Bxg7 Ne5 31. Bxf6 Qxa2 32. Qg3+ Kf7 33. Bxe5 1-0